 Dungeon Crawl Stone Soup version 0.30.1-3-gfc49f6343a (webtiles) character file.

Game seed: 783999852336251167

132 FishyPogo the Chiller (level 4, -4/54 HPs)
             Began as a Draconian Ice Elementalist on Aug 8, 2023.
             Constricted to death by Grinder (6 damage)
             ... while paralysed by Grinder
             ... on level 3 of the Dungeon.
             The game lasted 00:10:42 (1947 turns).

FishyPogo the Chiller (Draconian Ice Elementalist)  Turns: 1947, Time: 00:10:43

Health: -4/54      AC:  9    Str: 11    XL:     4   Next: 92%
Magic:  6/7        EV: -1    Int: 17    God:
Gold:   133        SH:  0    Dex: 11    Spells: 3/7 levels left

rFire   + . .        b - +0 dagger (elec)
rCold   + . .        (no shield)
rNeg    . . .        (body armour unavailable)
rPois   +            (helmet restricted)
rElec   +            (no cloak)
rCorr   +            (no gloves)
SInv    +            (no boots)
Will    .....        (no amulet) Stlth
                     o - +4 ring of protection
HPRegen 0.29/turn    s - ring of see invisible
MPRegen 0.10/turn

%: no passive effects
@: paralysed, brilliant, berserking, resistant, grasped by roots, attractive,
flying, hasted, constricted
A: AC +5, unfitting armour, cold-blooded
a: no special abilities


You were on level 3 of the Dungeon.
You visited 1 branch of the dungeon, and saw 3 of its levels.

You collected 208 gold pieces.
You spent 75 gold pieces at shops.

Inventory:

Hand Weapons
 b - a +0 dagger of electrocution (weapon)
Missiles
 i - 9 stones
 n - 3 poisoned darts
Magical Staves
 g - a staff of death
 p - a staff of poison
Jewellery
 o - a +4 ring of protection (left hand)
 s - a ring of see invisible (right hand)
Scrolls
 j - a scroll of teleportation
 k - 2 scrolls of identify
 q - a scroll of immolation {unknown}
 u - a scroll of enchant armour {unknown}
Potions
 a - a potion of magic
 c - 2 potions of lignification
 d - a potion of curing
 l - a potion of brilliance
 t - a potion of degeneration {unknown}


   Skills:
 + Level 2.0 Fighting
 + Level 1.7 Short Blades
 + Level 2.5 Dodging
 - Level 2.0 Stealth
 - Level 2.0 Spellcasting
 * Level 5.0 Ice Magic


You had 3 spell levels left.
You knew the following spells:

 Your Spells              Type           Power      Damage    Failure   Level
a - Freeze                Ice            100%       1d10      2%          1
b - Frozen Ramparts       Ice            56%        1d9       8%          3

Your spell library contained the following spells:

 Spells                   Type           Power      Damage    Failure   Level
 Ozocubu's Armour         Ice            28%        N/A       8%          3
 Summon Ice Beast         Ice/Summ       15%        N/A       56%         4


Dungeon Overview and Level Annotations

Branches:
Dungeon (3/15)

Altars:
Zin

Shops:
D:1 [((*=   D:2 *

Annotations:
D:3 Grinder


Innate Abilities, Weirdness & Mutations

Your plain brown scales are hard. (AC +5)
You cannot fit into any form of body armour.
You are cold-blooded and may be slowed by cold attacks.


Message History

The grasping roots release their grip on you.
You can move again.
It was a potion of brilliance.
You feel clever all of a sudden.
You feel better.
It was a potion of attraction.
You feel attractive to monsters.
Grinder blinks!
It was a potion of resistance.
You feel protected. Grinder is attracted toward you.
It was a potion of haste.
You feel yourself speed up. Grinder is attracted toward you.
It was a potion of flight.
You feel very buoyant.
You fly up into the air.
Found 2 potions of attraction.
Grinder blinks!
Grinder is attracted toward you.
It was a potion of berserk rage.
A red film seems to cover your vision as you go berserk!
You feel yourself moving faster!
You feel mighty!
Grinder zaps a wand.
The roots erupt in riotous growth!
The grasping roots grab you!
The now-empty wand crumbles to dust.
The grasping roots constrict you. Grinder is attracted toward you.
You hit Grinder.
Grinder is lightly wounded.
You puncture Grinder!
Grinder is moderately wounded.
Grinder gestures at you. Pain shoots through your body!
* * * LOW HITPOINT WARNING * * *
The grasping roots constrict you.
* * * LOW HITPOINT WARNING * * *
You barely miss Grinder.
Grinder is moderately wounded.
Grinder gestures at you.
You suddenly lose the ability to move!
The grasping roots constrict you.
* * * LOW HITPOINT WARNING * * *
Grinder hits you but does no damage. The grasping roots constrict you.
You die...

!##########
..?....=..#
..........#
..........#
..........#
.......5..####.#
.......@.......#
..####+###.#####
...#.###.# #.......#
### ##......# #.#
###...## #<# #....
#...# #.# #....
#...## ####.#
#....####....########


You could see Grinder.

Vanquished Creatures
  4 gnolls (D:2)
  2 adders (D:3)
  4 worms
  A dart slug (D:2)
  5 ball pythons
  7 endoplasms
  3 giant cockroaches
  7 goblins
  7 hobgoblins
  5 jackals (D:2)
  A quokka (D:1)
  3 bats
  3 frilled lizards
  A kobold (D:1)
  5 rats
58 creatures vanquished.

Notes
Turn   | Place    | Note
-------+----------+-------------------------------------------
     0 | D:1      | FishyPogo the Draconian Ice Elementalist began the quest
                  | for the Orb.
     0 | D:1      | Reached XP level 1. HP: 14/14 MP: 3/3
   344 | D:1      | Found Kithrup's Jewellery Boutique.
   462 | D:1      | Reached XP level 2. HP: 22/22 MP: 5/5
   484 | D:1      | Found Kecefryx's Assorted Antiques.
   500 | D:1      | Bought a scroll labelled GAITUA IDEMOIL for 26 gold pieces
   559 | D:1      | Found Wuiximon's Weapon Shop.
   660 | D:1      | Found Ygamakk's Antique Weapon Shop.
   676 | D:1      | Found Kunuth's Antique Armour Boutique.
  1024 | D:2      | Reached skill level 1 in Fighting
  1027 | D:2      | Reached XP level 3. HP: 16/28 MP: 0/6
  1028 | D:2      | Reached skill level 1 in Short Blades
  1032 | D:2      | Learned a level 3 spell: Frozen Ramparts
  1079 | D:2      | Found Bylyurr's Assorted Antiques.
  1091 | D:2      | Bought a scroll labelled ORUSCH JIZAPLI for 26 gold pieces
  1091 | D:2      | Bought a red potion for 23 gold pieces
  1119 | D:2      | Reached XP level 4. HP: 11/35 MP: 0/7
  1698 | D:3      | Found a glowing silver altar of Zin.
  1881 | D:3      | Reached skill level 5 in Ice Magic
  1931 | D:3      | Noticed Grinder
  1931 | D:3      | Paralysed by Grinder for 5 turns
  1946 | D:3      | Paralysed by Grinder for 5 turns
  1946 | D:3      | HP: 1/54 [constriction (6)]
  1947 | D:3      | Constricted to death by Grinder

Illustrated notes

Levels and vault maps discovered:
D:1:      dpeg_arrival_long_road, layout_basic, serial_shops,
          nicolae_shop_back_alley_shop, nicolae_shop_rolling_square, shop,
          nicolae_shop_tiny_real_fake_doors, nicolae_shop_stone
D:2:      layout_rooms, serial_shops, shop, minmay_misc_feat_secret_circle,
          minmay_stone_trees_small, minmay_tetromino_i4
D:3:      layout_basic, amcnicky_altar_gilded, gammafunk_ghost_gnarly_gnolls,
          uniq_grinder

Skill      XL: |  1  2  3  4 |
---------------+-------------+-----
Dodging        | 2 |  2.5
Stealth        | 2 |  2.0
Fighting       | 1 2 |  2.0
Short Blades   | 1 |  1.7
Ice Magic      | 5 |  5.0
Spellcasting   | |  2.0

Action                     |  1- 3 |  4- 6 || total
---------------------------+-------+-------++-------
  Melee: Dagger            |    44 |    39 ||    83
         Tailslap          |     2 |     6 ||     8
   Cast: Freeze            |    25 |    31 ||    56
         Frozen Ramparts   |     2 |       ||     2
    Use: Scroll            |     2 |       ||     2
         Potion            |     1 |     7 ||     8
   Stab: Sleeping          |     6 |     2 ||     8
 Armour: Skin              |     9 |    20 ||    29
  Dodge: Dodged            |    30 |    26 ||    56
